 Dungeon Crawl Stone Soup version 0.31-a0-806-g0bc164a743 (webtiles) character file.

Game seed: 3554487399779323703

10679 lunkers the Martial Artist (level 12, -3/117 HPs)
             Began as a Meteoran Shapeshifter on Sept 20, 2023.
             Was a High Priest of Okawaru.
             Slain by a death yak (14 damage)
             ... on level 1 of the Lair of Beasts.
             The game lasted 00:14:08 (5758 turns).

lunkers the Martial Artist (Meteoran Shapeshifter)  Turns: 5758, Time: 00:14:09

Health: -3/117     AC:  8    Str: 24    XL:     12   Next: 23%
Magic:  17/19      EV: 20    Int: 13    God:    Okawaru [*****.]
Gold:   690        SH:  0    Dex: 24    Spells: 11/11 levels left

rFire   . .          .
                       - Unarmed
rCold   . . .        (shield currently unavailable)
rNeg    + . .        g - melded +0 ring mail
rPois   .            (helmet currently unavailable)
rElec   .            (cloak currently unavailable)
rCorr   .            (gloves currently unavailable)
SInv    .            (boots currently unavailable)
Will    +....        u - amulet of the acrobat
Stlth   ++           w - ring "Anlan" {rN+ Str+3 Dex+6}
HPRegen 0.39/turn    (no ring)
MPRegen 0.16/turn

%: acrobat
@: snake-form, heroic, glowing
A: constrict, boosted hp, large, sense surroundings 2, otherworldly, glowing,
explore regen
a: Begin Untransformation, Renounce Religion, Heroism, Finesse, Duel


You were on level 1 of the Lair of Beasts.
You worshipped Okawaru.
Okawaru was extremely pleased with you.
You were an enormous anaconda.
You visited 3 branches of the dungeon, and saw 12 of its levels.
You also visited: Bailey.

You collected 690 gold pieces.

Inventory:

Armour
 g - a +0 ring mail (melded)
 n - +1 acid dragon scales
 v - the +2 ring mail of Death Resistance {Slay+2}
   (You found it in a bailey)

   Slay+2:    It affects your accuracy & damage with ranged weapons and melee
   (+2).
 y - a +0 cloak
 E - a +2 helmet
Jewellery
 u - an amulet of the acrobat (around neck)
 w - the ring "Anlan" (left hand) {rN+ Str+3 Dex+6}
   (You found it on level 7 of the Dungeon)

   [ring of dexterity]

   Str+3:     It affects your strength (+3).
   Dex+6:     It affects your dexterity (+6).
   rN+:       It protects you from negative energy.
 z - the amulet "Megaih" {rF++ Regen+ rCorr}
   (You took it off an orc on level 8 of the Dungeon)

   [amulet of regeneration]

   rF++:      It greatly protects you from fire.
   Regen+:    It increases your rate of health regeneration.
   rCorr:     It protects you from acid and corrosion.
Talismans
 c - a beast talisman
 d - a flux talisman
 h - a serpent talisman (active)
Wands
 j - a wand of polymorph (11)
 m - a wand of quicksilver (18)
 p - a wand of iceblast (12)
 r - a wand of mindburst (15)
 t - a wand of paralysis (7)
Scrolls
 a - a scroll of vulnerability
 e - a scroll of teleportation
 f - 3 scrolls of enchant weapon
 i - 3 scrolls of blinking
 k - 2 scrolls of poison
 o - a scroll of fear
 B - 2 scrolls of revelation
 D - a scroll of enchant armour
Potions
 b - a potion of ambrosia
 l - a potion of heal wounds
 q - a potion of enlightenment
 s - a potion of curing
 x - a potion of magic
 A - a potion of attraction {unknown}
 C - 2 potions of might
 F - a potion of brilliance {unknown}
 G - a potion of berserk rage {unknown}


   Skills:
 + Level 7.1(12.1) Fighting
 + Level 7.4(12.4) Dodging
 * Level 14.4(19.4) Unarmed Combat
 - Level 8.0 Invocations
 + Level 9.8 Shapeshifting


You had 11 spell levels left.
You didn't know any spells.
Your spell library contained the following spells:

 Spells                   Type           Power      Damage    Failure   Level
 Kiss of Death            Conj/Necr      0%         2d5       30%         1
 Blink                    Tloc           0%         N/A       43%         2
 Lesser Beckoning         Tloc           0%         N/A       43%         2
 Sublimation of Blood     Necr           0%         N/A       43%         2
 Wereblood                Tmut           0%         N/A       43%         2
 Confusing Touch          Hex            0%         N/A       67%         3
 Gell's Gravitas          Tloc           0%         N/A       67%         3
 Inner Flame              Hex/Fire       0%         N/A       67%         3
 Teleport Other           Tloc           0%         N/A       67%         3
 Dimensional Bullseye     Hex/Tloc       0%         N/A       97%         4
 Dispel Undead            Necr           0%         3d6       97%         4
 Iskenderun's Mystic Bla  Conj/Tloc      0%         2d3       97%         4
 Manifold Assault         Tloc           0%         N/A       97%         4
 Yara's Violent Unravell  Hex/Tmut       0%         3d3       100%        5
 Enfeeble                 Hex            0%         N/A       100%        7
 Tukima's Dance           Hex            Unusable   N/A       N/A         3
 Summon Hydra             Summ           Unusable   N/A       N/A         7

Dungeon Overview and Level Annotations

Branches:
Dungeon (9/15) Zot: 611    Temple (1/1) D:4 Zot: 499    Lair (2/5) D:9 Zot: 875
 Spider (0/4) Lair:2       Bailey (visited)
  Swamp: Lair:2-3    Shoals: Lair:2-3       Orc: D:9-12

Altars:
Ashenzari
Cheibriados
Dithmenos
Elyvilon
Gozag
Hepliaklqana
Kikubaaqudgha
Makhleb
Nemelex Xobeh
Okawaru
Qazlal
Ru
Sif Muna
Uskayaw
Vehumet
Wu Jian
Xom
Yredelemnul
Zin


Innate Abilities, Weirdness & Mutations

You are an enormous anaconda.
You have a powerful constriction melee attack.
Your maximum health is increased.
Your armour is entirely melded.
You are incapable of wielding weapons or throwing items.
You passively map the area around you.
You are easily found by Zot.
You glow in the dark.
You regain HP and MP as you explore.


Message History

* * * LOW HITPOINT WARNING * * *
The death yak barely misses you.
The death yak gores you but does no damage.
The death yak closely misses you.
Unknown command.
Blink to where?
Press: ? - help, Dir - move target You lose your grip on the death yak.
As you read the scroll of blinking, it crumbles to dust.
You feel like a meek peon again.
Okay, then.
There is a hole to the Spider Nest here.
There is a stone staircase leading up here.
The death yak gores you!
* * * LOW HITPOINT WARNING * * *
You climb upwards.
There is a stone staircase leading down here.
You gain the combat prowess of a mighty hero.
The death yak misses you.
Unknown command.
You barely miss the death yak. Your grab misses the death yak.
You hit the death yak. You grab the death yak.
The death yak is lightly wounded.
You constrict the death yak, but do no damage.
The death yak gores you!!
* * * LOW HITPOINT WARNING * * *
You hit the death yak.
The death yak is lightly wounded.
You constrict the death yak. The death yak misses you.
You body-slam the death yak!!
The death yak is heavily wounded.
You constrict the death yak.
You body-slam the death yak!!
The death yak is almost dead.
You constrict the death yak.
The death yak gores you but does no damage.
You hit the death yak but do no damage.
The death yak is almost dead.
You constrict the death yak. The death yak gores you!
You die...

* , .... ,....#... , *
* ....P.#...#.# * , ,
, ......#.....# , , ..
, , #......†#.#,** ,,
..... #...#...#.#, ,
,, ....##.#.#...####.#
, ,,, ,
....##.#.#...#..8.## *
>, ,
....##.#.#...#.....#
..............8.S.8# *
.......#...#.#.Y...#
,, ,
...........#.##...## ,
, *
.......#...#......#..,
, ,
...........##......#.
,,
.......#.#.#.........
,* ,* ,
.......##......#.#...
, ,*
.......##............*
, ,
.......#..##.........
, ,


You could see a death yak.

Vanquished Creatures
  A death yak (Lair:2)
  Pikel (D:8)
  An orc sorcerer (Bailey)
  4 elephants (Lair:1)
  A black mamba (Lair:1)
  A cane toad (Lair:1)
  Maggie (D:6)
  A kobold demonologist (Bailey)
  A komodo dragon (Lair:1)
  A hornet (D:7)
  A jumping spider (Lair:2)
  Sigmund (D:3)
  8 yaks
  A wraith (D:9)
  A redback (Lair:2)
  4 water moccasins
  11 orc warriors
  2 ogres
  3 black bears
  2 centaurs
  A wolf (Lair:2)
  3 lemures (D:8)
  A kobold brigand (D:8)
  2 bullfrogs
  2 gnoll sergeants
  8 scorpions
  5 wights (D:8)
  6 killer bees
  3 electric eels (Bailey)
  3 howler monkeys
  4 orc priests
  Crazy Yiuf (D:7)
  2 gnoll boudas
  A sleepcap (D:6)
  3 hounds (D:5)
  Ijyb (D:3)
  Jessica (D:3)
  An iguana (D:5)
  9 orc wizards
  21 gnolls
  9 adders
  A shadow imp (D:6)
  2 white imps
  2 worms (D:3)
  2 dart slugs (D:5)
  35 orcs
  4 endoplasms
  A giant cockroach (D:1)
  10 goblins
  10 hobgoblins
  5 quokkas
  4 ball pythons
  4 bats
  2 frilled lizards (D:3)
  9 kobolds
  3 rats
228 creatures vanquished.

Notes
Turn   | Place    | Note
-------+----------+-------------------------------------------
     0 | D:1      | lunkers the Meteoran Shapeshifter began the quest for the
                  | Orb.
     0 | D:1      | Reached XP level 1. HP: 16/16 MP: 2/2
    96 | D:1      | Reached XP level 2. HP: 23/23 MP: 3/3
   106 | D:1      | Reached skill level 4 in Unarmed Combat
   288 | D:1      | Reached XP level 3. HP: 23/28 MP: 4/4
   701 | D:2      | Reached XP level 4. HP: 32/35 MP: 5/5
   950 | D:3      | Noticed Sigmund
   959 | D:3      | Killed Sigmund
   960 | D:3      | Reached skill level 6 in Unarmed Combat
   960 | D:3      | Reached skill level 5 in Shapeshifting
   960 | D:3      | Reached XP level 5. HP: 40/40 MP: 6/6
   960 | D:3      | Reached XP level 6. HP: 47/47 MP: 7/7
  1084 | D:3      | Noticed Jessica
  1104 | D:3      | Killed Jessica
  1183 | D:3      | Reached skill level 7 in Unarmed Combat
  1463 | D:3      | Noticed Ijyb
  1490 | D:3      | Killed Ijyb
  1491 | D:3      | Reached XP level 7. HP: 23/52 MP: 8/8
  1605 | D:4      | Found a staircase to the Ecumenical Temple.
  1634 | Temple   | Entered the Ecumenical Temple
  1658 | Temple   | Became a worshipper of Warmaster Okawaru
  1744 | D:4      | Reached skill level 8 in Unarmed Combat
  1835 | D:5      | Entered Level 5 of the Dungeon
  1960 | D:5      | Reached XP level 8. HP: 48/59 MP: 9/9
  2134 | D:5      | Reached skill level 9 in Unarmed Combat
  2237 | D:5      | Reached * piety under Okawaru
  2316 | D:5      | Found a shadowy altar of Dithmenos.
  2319 | D:5      | Found a white marble altar of Elyvilon.
  3104 | D:6      | Found an ancient bone altar of Kikubaaqudgha.
  3336 | D:6      | Noticed Maggie
  3346 | D:6      | Killed Maggie
  3347 | D:6      | Reached skill level 10 in Unarmed Combat
  3347 | D:6      | Gained mutation: You passively map the area around you.
                  | [Meteoran growth]
  3347 | D:6      | Reached XP level 9. HP: 27/67 MP: 9/11
  3601 | D:7      | Noticed a hornet
  3607 | D:7      | Killed a hornet
  3684 | D:7      | Reached ** piety under Okawaru
  3687 | D:7      | Found a flagged portal.
  3741 | Bailey   | Entered a bailey
  3809 | Bailey   | Reached skill level 11 in Unarmed Combat
  3845 | Bailey   | Acquired an amulet of the acrobat
  3867 | Bailey   | Reached XP level 10. HP: 62/78 MP: 12/14
  4033 | Bailey   | Found an iron altar of Okawaru.
  4033 | Bailey   | Noticed an orc sorcerer
  4033 | Bailey   | Noticed a kobold demonologist
  4042 | Bailey   | Killed an orc sorcerer
  4042 | Bailey   | Reached *** piety under Okawaru
  4044 | Bailey   | Killed a kobold demonologist
  4045 | Bailey   | Reached skill level 5 in Dodging
  4045 | Bailey   | Reached skill level 5 in Invocations
  4063 | Bailey   | Identified the +2 ring mail of Death Resistance {Slay+2}
  4087 | Bailey   | Identified the +5 rapier of the Disbelieving King {elec,
                  | +Blink rCorr Dex-2 SInv}
  4155 | Bailey   | Reached skill level 12 in Unarmed Combat
  4330 | D:7      | Reached skill level 5 in Fighting
  4504 | D:7      | Identified the ring "Anlan" {rN+ Str+3 Dex+6}
  4666 | D:7      | Found a runed translucent door.
  4667 | D:7      | Noticed Crazy Yiuf
  4692 | D:7      | Glimpsed the power of Zot.
  4718 | D:7      | Killed Crazy Yiuf
  4742 | D:7      | Glimpsed the power of Zot.
  4759 | D:8      | Noticed Pikel
  4784 | D:8      | Killed Pikel
  4784 | D:8      | Reached **** piety under Okawaru
  4786 | D:8      | Identified the amulet "Megaih" {rF++ Regen+ rCorr}
  4814 | D:8      | Reached XP level 11. HP: 76/88 MP: 16/16
  5287 | D:9      | Reached skill level 13 in Unarmed Combat
  5401 | D:9      | Found a staircase to the Lair.
  5404 | D:9      | Reached ***** piety under Okawaru
  5411 | Lair:1   | Entered Level 1 of the Lair of Beasts
  5442 | Lair:1   | Noticed an elephant
  5458 | Lair:1   | Killed an elephant
  5468 | Lair:1   | Noticed a black mamba
  5475 | Lair:1   | Killed a black mamba
  5499 | Lair:1   | Noticed an elephant
  5499 | Lair:1   | Noticed an elephant
  5500 | Lair:1   | Noticed an elephant
  5524 | Lair:1   | Killed an elephant
  5527 | Lair:1   | Killed an elephant
  5535 | Lair:1   | Killed an elephant
  5536 | Lair:1   | Reached skill level 14 in Unarmed Combat
  5576 | Lair:1   | Reached XP level 12. HP: 97/97 MP: 18/18
  5602 | Lair:2   | Found a hole to the Spider Nest.
  5678 | Lair:2   | Noticed a death yak
  5678 | Lair:2   | Noticed a death yak
  5679 | Lair:2   | Noticed a death yak
  5679 | Lair:2   | Noticed a death yak
  5679 | Lair:2   | Noticed a death yak
  5680 | Lair:2   | Noticed a death yak
  5686 | Lair:2   | Killed a death yak
  5758 | Lair:1   | Slain by a death yak

Illustrated notes

Levels and vault maps discovered:
D:1:      dpeg_arrival_arbitrary_c, layout_basic, kennysheep_flooded_box
D:2:      layout_loops_corners
D:3:      layout_basic, st_stairs_10, kennysheep_orc_chapel, uniq_ijyb,
          uniq_sigmund, uniq_jessica
D:4:      layout_cave_pools, minmay_temple_entry_butterflies
D:5:      layout_layer_cave, chequers_temple_overflow_statue_of_worship
D:6:      layout_layer_cave, lemuel_doored_altar, uniq_maggie
D:7:      layout_basic, serial_aquarium, aquarium_bridge_square
          [aquarium_subvault_bridge, aquarium_subvault_window,
          aquarium_subvault_bridge, aquarium_subvault_wall],
          aquarium_bridge_straight [aquarium_subvault_bridge,
          aquarium_subvault_wall, aquarium_subvault_bridge,
          aquarium_subvault_balcony], aquarium_window_1, aquarium_window_1,
          aquarium_view_2b, aquarium_view_2c, aquarium_balcony_1b,
          aquarium_pool_corner, enter_bailey_8, chequers_arboretum,
          uniq_crazy_yiuf_cottage
D:8:      nicolae_cairo_tiling, layout_loops_ring,
          grunt_temple_overflow_diamond, minmay_bent, uniq_pikel
D:9:      layout_roguey, grunt_lair_entry_orc_guard_hut, reono_crystal_passage
Temple:   nicolae_temple_bog_church
Lair:1:   layout_long_grid, grunt_forest_large_clearings, grunt_megastairs_2
Lair:2:   layout_small_grid, spider_nest_entry_a, st_stairs_6

Skill      XL: |  1  2  3  4  5  6  7  8  9 10 11 12 |
---------------+-------------------------------------+-----
Unarmed Combat | 4 6 7 8 10 11 12 14 | 14.4
Shapeshifting  | 4 5 6 7 8 9 |  9.8
Fighting       | 2 3 5 6 7 |  7.1
Invocations    | 2 4 5 7 8 |  8.0
Dodging        | 4 5 7 |  7.4

Action                     |  1- 3 |  4- 6 |  7- 9 | 10-12 || total
---------------------------+-------+-------+-------+-------++-------
  Melee: Unarmed           |    54 |    72 |   168 |   292 ||   586
         Punch             |     1 |     2 |     1 |       ||     4
         Constrict         |       |       |    21 |    70 ||    91
 Invoke: Heroism           |       |       |       |     2 ||     2
  Evoke: Wand              |       |       |     1 |       ||     1
    Use: Potion            |       |     2 |       |       ||     2
         Scroll            |       |       |    13 |     6 ||    19
 Armour: Animal skin       |    23 |       |       |       ||    23
         Skin              |       |    10 |    54 |   144 ||   208
         Ring mail         |       |    29 |    47 |       ||    76
  Dodge: Dodged            |    31 |    26 |    64 |   190 ||   311
   Form: Anaconda          |       |       |     1 |       ||     1

Table legend: (Time is in decaauts)
 A = Elapsed time spent in this place.
 B = Non-inter-level travel time spent in this place.
 C = Inter-level travel time spent in this place.
 D = Time resting spent in this place.
 E = Time spent auto-exploring this place.
 F = Levels seen in this place.
 G = Mean time per level.
                   A        B        C        D        E       F      G
               +--------+--------+--------+--------+--------+-----+--------+
         Total |   5646 |   5385 |    261 |     85 |   3786 |  13 |  434.3 |
       Dungeon |   4788 |   4576 |    212 |     46 |   3458 |   9 |  532.0 |
        Temple |    100 |     52 |     48 |     39 |      0 |   1 |  100.0 |
          Lair |    323 |    323 |      0 |      0 |    121 |   2 |  161.5 |
        Bailey |    433 |    433 |      0 |      0 |    207 |   1 |  433.0 |
               +--------+--------+--------+--------+--------+-----+--------+

Top non-repeatable levels by time:
     D:5: 922 daAuts
     D:6: 791 daAuts
     D:7: 719 daAuts
     D:2: 626 daAuts
     D:3: 584 daAuts
     D:8: 442 daAuts
  Bailey: 433 daAuts
     D:1: 311 daAuts
     D:4: 196 daAuts
     D:9: 193 daAuts
  Lair:1: 166 daAuts
  Lair:2: 157 daAuts
  Temple: 100 daAuts
